 Dungeon Crawl Stone Soup version 0.28-a0-175-gb2089b6bb7 (webtiles) character file.

Game seed: 10801984632144558265

37 Nattfarinn the Caller (level 3, 0/22 (24) HPs)
             Began as a Barachi Summoner on Aug 17, 2021.
             Slain by a necrophage (3 damage)
             ... on level 3 of the Dungeon.
             The game lasted 00:03:45 (2820 turns).

Nattfarinn the Caller (Barachi Summoner)            Turns: 2820, Time: 00:03:46

HP:   0/22 (24)     AC:  3    Str:  9    XL:     3   Next: 39%
MP:   1/7           EV: 12    Int: 16    God:
Gold: 116           SH:  0    Dex: 12    Spells: 4/7 levels left

rFire   . . .      SeeInvis .   (no weapon)
rCold   . . .      Faith    .   (no shield)
rNeg    . . .      Spirit   .   a - +0 robe
rPois   .          Reflect  .   (no helmet)
rElec   .          Harm     .   k - +0 cloak
rCorr   .          Rampage  .   (no gloves)
Will    .....                   (no boots)
Stlth   ++........              (no amulet)
HPRegen 0.07/turn               (no ring)
MPRegen 0.10/turn               (no ring)

@: drained, slow
A: amphibious, slowness 1, strong legs 1, +LOS
a: Hop


You were on level 3 of the Dungeon.
You visited 1 branch of the dungeon, and saw 3 of its levels.

You collected 116 gold pieces.

Inventory:

Missiles
 d - 6 poisoned darts (quivered)
Armour
 a - a +0 robe (worn)
 k - a +0 cloak (worn)
Jewellery
 c - a ring of fire
Scrolls
 b - 2 scrolls of enchant weapon {unknown}
 e - a scroll of silence {unknown}
 f - a scroll of identify {unknown}
 h - a scroll of fog {unknown}
 j - a scroll of teleportation {unknown}
Potions
 g - 2 potions of heal wounds {unknown}
 i - 2 potions of resistance {unknown}


   Skills:
 - Level 2.1 Dodging
 - Level 1.7 Stealth
 + Level 2.8 Spellcasting
 * Level 5.8 Summonings


You had 4 spell levels left.
You knew the following spells:

 Your Spells              Type           Power      Damage    Failure   Level
a - Summon Small Mammal   Summ           80%        N/A       1%          1
b - Call Imp              Summ           20%        N/A       2%          2

Your spell library contained the following spells:

 Spells                   Type           Power      Damage    Failure   Level
 Call Canine Familiar     Summ           20%        N/A       5%          3
 Summon Guardian Golem    Hex/Summ       11%        N/A       17%         3
 Ozocubu's Armour         Ice            2%         N/A       50%         3
 Summon Lightning Spire   Summ/Air       11%        N/A       50%         4
 Ozocubu's Refrigeration  Ice            1%         4d5       100%        7


Dungeon Overview and Level Annotations

Branches:
Dungeon (3/15)

Altars:


Innate Abilities, Weirdness & Mutations

You are amphibious.
You cover ground slowly.
You can hop short distances.
You have an extended range of vision and can be seen from far away.


Message History

Found a robe.
Found a stone staircase leading up.
A rat and a necrophage come into view.
You throw a poisoned dart. The poisoned dart hits the necrophage.
Casting: Call Imp (safe; 2% risk of failure)
Confirm with . or Enter, or press ? or * to list all spells.
A beastly little devil appears in a puff of flame.
The necrophage hits you.
Casting: Call Imp (safe; 2% risk of failure)
Confirm with . or Enter, or press ? or * to list all spells.
A beastly little devil appears in a puff of frigid air.
The necrophage hits you but does no damage.
Your crimson imp misses the necrophage.
Casting: Call Imp (safe; 2% risk of failure)
Confirm with . or Enter, or press ? or * to list all spells.
A beastly little devil appears in a puff of flame.
The necrophage misses you.
Your crimson imp hits the necrophage but does no damage.
Your white imp hits the necrophage.
Your white imp freezes the necrophage.
The necrophage resists.
You completely miss the necrophage.
The necrophage is moderately damaged.
The necrophage hits you.
Your crimson imp hits the necrophage.
Your crimson imp barely misses the necrophage.
Your white imp misses the necrophage.
You hit the necrophage but do no damage.
The necrophage is moderately damaged.
Something closely misses your crimson imp.
The necrophage hits you!
You feel drained.
Your crimson imp closely misses the necrophage.
Your white imp gestures at the necrophage.
The puff of frost hits the necrophage.
The necrophage resists.
Your crimson imp barely misses the necrophage.
Unknown command.
Something closely misses your crimson imp.
The necrophage hits you but does no damage.
Your crimson imp hits the necrophage.
The necrophage hits you!
* * * LOW HITPOINT WARNING * * *
You feel drained.
You die...

#.# #.# #.# #.#
########?#######.
......(.55.....r.
#5##################
#.##..............<#
#..n@...........####
####.##########.#
.........# ###.#
########## #...#
#.### #.# #.######
#..[..<# ########


You could see a necrophage.

Vanquished Creatures
  2 ball pythons (D:1)
  6 bats
  2 giant cockroaches
  A goblin (D:1)
  3 hobgoblins
  2 jackals (D:2)
  4 kobolds
  A quokka (D:1)
  2 rats
23 creatures vanquished.

Vanquished Creatures (collateral kills)
  A worm (D:2)
  2 bats (D:1)
  An endoplasm (D:1)
  A quokka (D:1)
  A ball python zombie (D:1)
  A frilled lizard (D:1)
  A giant cockroach zombie (D:1)
  A rat (D:1)
9 creatures vanquished.

Grand Total: 32 creatures vanquished

Notes
Turn   | Place    | Note
-------+----------+-------------------------------------------
     0 | D:1      | Nattfarinn the Barachi Summoner began the quest for the
                  | Orb.
     0 | D:1      | Reached XP level 1. HP: 13/13 MP: 3/3
   196 | D:1      | Reached skill level 5 in Summonings
   423 | D:1      | Reached XP level 2. HP: 5/19 MP: 1/5
   757 | D:1      | Learned a level 2 spell: Call Imp
  1418 | D:1      | Found a faded altar of an unknown god.
  1510 | D:1      | You fall into a shaft and drop 1 floor!
  1663 | D:1      | Reached XP level 3. HP: 24/24 MP: 7/7
  2809 | D:3      | Noticed a necrophage
  2820 | D:3      | Slain by a necrophage

Illustrated notes

Levels and vault maps discovered:
D:1:      saegor_arrival_fortress, layout_basic, chequers_ecumenical_altar_lobes
D:2:      layout_basic
D:3:      layout_basic, mainiacjoe_overflow_surrounded_room, bloody_trog

Skill      XL: |  1 |
---------------+----+-----
Summonings     | 5 |  5.8
Dodging        | |  2.1
Stealth        | |  1.7
Spellcasting   | |  2.8

Action                   || total
-------------------------++-------
Melee: Unarmed           ||    20
Throw: Dart              ||    81
 Cast: Summon Small Mamm ||    22
       Call Imp          ||     5
 Abil: Hop               ||     1
 Stab: Distracted        ||     1
Armor: Robe              ||    20
Dodge: Dodged            ||    46

Table legend: (Time is in decaauts)
 A = Elapsed time spent in this place.
 B = Non-inter-level travel time spent in this place.
 C = Inter-level travel time spent in this place.
 D = Time resting spent in this place.
 E = Time spent auto-exploring this place.
 F = Levels seen in this place.
 G = Mean time per level.
                   A        B        C        D        E       F      G
               +--------+--------+--------+--------+--------+-----+--------+
         Total |   3130 |   3042 |     88 |    331 |   2281 |   3 | 1043.3 |
       Dungeon |   3130 |   3042 |     88 |    331 |   2281 |   3 | 1043.3 |
               +--------+--------+--------+--------+--------+-----+--------+

Top non-repeatable levels by time:
     D:1: 1951 daAuts
     D:2: 1124 daAuts
     D:3: 54 daAuts
